[ PARTIDA AOE2 · #485779911 ]
UnrankedTeutones vs Bulgarians
[ ANÁLISIS DE REPETICIÓN · EXTRAÍDO DE LA PARTIDA GRABADA ]
Feudal
12:40
Castillos
16:17
Imperial
—
| APM promedio | 31.9 |
| APM pico | 71 |
| eAPM promedio | 13.2 |
| Aldeanos / militares | 85 / 26 |
Foco
⚔️ 23.5% · 🌾 76.5%
Knight ×25 · Mangonel ×1
Feudal
11:07
Castillos
15:52
Imperial
27:37
| APM promedio | 28.4 |
| APM pico | 67 |
| eAPM promedio | 15.1 |
| Aldeanos / militares | 100 / 89 |
Foco
⚔️ 28.9% · 🌾 71.1%
Spearman ×50 · Hand Cannoneer ×32 · Bombard Cannon ×4 · Monk ×3
Feudal
11:20
Castillos
15:15
Imperial
—
| APM promedio | 28.3 |
| APM pico | 71 |
| eAPM promedio | 16.1 |
| Aldeanos / militares | 101 / 108 |
Foco
⚔️ 27.5% · 🌾 72.5%
Militia ×89 · Spearman ×19
Feudal
8:30
Castillos
26:11
Imperial
—
| APM promedio | 35.8 |
| APM pico | 77 |
| eAPM promedio | 25.6 |
| Aldeanos / militares | 94 / 7 |
Foco
⚔️ 34.1% · 🌾 65.9%
Battering Ram ×4 · Mangonel ×3
Feudal
10:38
Castillos
14:42
Imperial
—
| APM promedio | 28.6 |
| APM pico | 61 |
| eAPM promedio | 13.3 |
| Aldeanos / militares | 56 / 18 |
Foco
⚔️ 28.4% · 🌾 71.6%
Monk ×7 · Archer ×7 · Battering Ram ×2 · Mangonel ×1 · Spearman ×1
Feudal
10:31
Castillos
15:16
Imperial
—
| APM promedio | 31.7 |
| APM pico | 95 |
| eAPM promedio | 15.0 |
| Aldeanos / militares | 76 / 39 |
Foco
⚔️ 33.1% · 🌾 66.9%
Conquistador ×32 · Petard ×5 · Battering Ram ×2
Feudal
10:12
Castillos
26:58
Imperial
—
| APM promedio | 40.6 |
| APM pico | 89 |
| eAPM promedio | 21.1 |
| Aldeanos / militares | 69 / 9 |
Foco
⚔️ 11.6% · 🌾 88.4%
Skirmisher ×5 · Boyar ×2 · Mangonel ×1 · Battering Ram ×1
Feudal
10:59
Castillos
16:15
Imperial
—
| APM promedio | 28.8 |
| APM pico | 67 |
| eAPM promedio | 16.8 |
| Aldeanos / militares | 65 / 112 |
Foco
⚔️ 47.5% · 🌾 52.5%
Spearman ×89 · Battering Ram ×23
Mapa de la partida
Recursos iniciales + cada clic de construcción. Líneas = muros · curvas = relieve. ◆ oro · ⬟ piedra · ● bayas · ✦ reliquia · ◌ hueco del cierre
Tu base· ✓ Cerrada en 16:17 · 0t muro · 2 puerta(s)
Base de Underdog· ✓ Cerrada en 15:52 · 0t muro · 3 puerta(s)
Base de RagnarokCo· ✓ Cerrada en 15:15 · 0t muro · 2 puerta(s)
Base de El Wicho· ✓ Cerrada en 26:11 · 0t muro · 2 puerta(s)
Base de R· ✓ Cerrada en 14:42 · 0t muro · 2 puerta(s)
Base de Dadagama· ✓ Cerrada en 15:16 · 0t muro · 3 puerta(s)
Base de Salkeliet· ✓ Cerrada en 26:58 · 6t muro · 3 puerta(s)
Base de Codiman· ✓ Cerrada en 16:15 · 0t muro · 3 puerta(s)
Terreno inicial suavizado · ◌ = hueco del cierre detectado · pasá el cursor para detalles
Inputs por minuto
— SaD - - Underdog
Build order — SaD
Primeras 150 de 153 acciones detectadas
| 0:01 | Crear | Villager (Male) ×4 |
| 0:02 | Construir | House |
| 0:04 | Construir | House |
| 1:34 | Crear | Villager (Male) |
| 1:57 | Crear | Villager (Male) |
| 2:09 | Construir | Lumber Camp |
| 2:13 | Crear | Villager (Male) |
| 2:21 | Construir | House |
| 2:52 | Crear | Villager (Male) |
| 3:25 | Crear | Villager (Male) |
| 3:45 | Crear | Villager (Male) |
| 3:57 | Crear | Villager (Male) |
| 4:32 | Crear | Villager (Male) |
| 4:55 | Crear | Villager (Male) |
| 5:11 | Crear | Villager (Male) |
| 5:16 | Construir | House |
| 5:25 | Crear | Villager (Male) |
| 5:34 | Crear | Villager (Male) |
| 5:52 | Construir | Mill |
| 6:05 | Crear | Villager (Male) |
| 6:24 | Crear | Villager (Male) |
| 6:40 | Crear | Villager (Male) |
| 7:21 | Crear | Villager (Male) |
| 7:28 | Crear | Villager (Male) |
| 7:48 | Crear | Villager (Male) |
| 8:06 | Construir | House |
| 8:07 | Crear | Villager (Male) |
| 8:29 | Construir | Mining Camp |
| 8:39 | Investigar | Feudal Age |
| 8:44 | Crear | Villager (Male) |
| 8:44 | Crear | Villager (Male) |
| 9:13 | Crear | Villager (Male) |
| 9:13 | Crear | Villager (Male) |
| 9:59 | Investigar | Feudal Age |
| 10:10 | Construir | Farm |
| 10:11 | Construir | Farm |
| 10:11 | Construir | Farm |
| 10:11 | Construir | Farm |
| 11:40 | Construir | Farm |
| 11:40 | Construir | Farm |
| 11:40 | Construir | Farm |
| 11:41 | Construir | Farm |
| 11:42 | Construir | Farm |
| 11:42 | Construir | Farm |
| 11:46 | Crear | Villager (Male) |
| 11:46 | Crear | Villager (Male) |
| 11:53 | Construir | House |
| 12:06 | Construir | Barracks |
| 12:40 | Edad | Edad Feudal |
| 12:51 | Construir | Stable |
| 12:55 | Construir | Market |
| 13:37 | Investigar | Castle Age |
| 13:44 | Construir | Farm |
| 13:44 | Investigar | Horse Collar |
| 13:49 | Investigar | Gold Mining |
| 14:12 | Investigar | Double-Bit Axe |
| 14:45 | Investigar | Bloodlines |
| 14:52 | Crear | Villager (Male) |
| 14:53 | Crear | Villager (Male) |
| 15:06 | Construir | Farm |
| 15:07 | Construir | Farm |
| 15:37 | Construir | Stable |
| 15:44 | Crear | Villager (Male) |
| 15:44 | Crear | Villager (Male) |
| 15:44 | Crear | Villager (Male) |
| 15:44 | Crear | Villager (Male) |
| 16:09 | Construir | Farm |
| 16:09 | Construir | Farm |
| 16:10 | Construir | Farm |
| 16:17 | Edad | Edad de los Castillos |
| 16:18 | Crear | Knight |
| 16:18 | Crear | Knight |
| 16:50 | Crear | Villager (Male) |
| 17:03 | Construir | Town Center |
| 17:05 | Crear | Villager (Male) |
| 17:09 | Crear | Knight |
| 17:28 | Crear | Knight |
| 17:28 | Crear | Knight |
| 17:33 | Crear | Villager (Male) |
| 17:50 | Crear | Knight |
| 17:53 | Crear | Villager (Male) |
| 17:56 | Crear | Villager (Male) |
| 18:02 | Crear | Villager (Male) |
| 18:19 | Crear | Knight |
| 18:22 | Crear | Villager (Male) |
| 18:36 | Crear | Villager (Male) |
| 18:36 | Crear | Villager (Male) |
| 18:56 | Crear | Knight |
| 19:03 | Crear | Villager (Male) |
| 19:03 | Crear | Villager (Male) |
| 19:06 | Crear | Villager (Male) |
| 19:14 | Crear | Knight |
| 19:46 | Crear | Villager (Male) |
| 19:47 | Crear | Villager (Male) |
| 19:48 | Crear | Knight |
| 19:48 | Crear | Knight |
| 19:57 | Investigar | Heavy Plow |
| 20:04 | Crear | Knight |
| 20:21 | Crear | Knight |
| 20:25 | Construir | House |
| 20:26 | Construir | House |
| 20:27 | Construir | House |
| 20:28 | Construir | House |
| 20:40 | Construir | Blacksmith |
| 20:42 | Construir | Mining Camp |
| 20:55 | Crear | Villager (Male) ×3 |
| 21:14 | Crear | Knight ×2 |
| 21:21 | Construir | Farm |
| 21:22 | Construir | Farm |
| 21:22 | Construir | Farm |
| 21:22 | Construir | Farm |
| 21:23 | Construir | Farm |
| 21:24 | Crear | Villager (Male) |
| 22:07 | Crear | Knight ×4 |
| 22:14 | Investigar | Loom |
| 22:16 | Crear | Villager (Male) |
| 22:26 | Construir | Farm |
| 22:26 | Construir | Farm |
| 22:28 | Crear | Villager (Male) |
| 23:01 | Crear | Knight ×4 |
| 23:06 | Crear | Villager (Male) |
| 23:35 | Crear | Villager (Male) ×4 |
| 24:04 | Construir | House |
| 24:05 | Construir | House |
| 24:06 | Construir | House |
| 24:08 | Investigar | Bow Saw |
| 24:13 | Crear | Knight ×2 |
| 24:18 | Construir | House |
| 24:19 | Construir | House |
| 24:20 | Construir | House |
| 24:20 | Construir | House |
| 24:37 | Construir | Siege Workshop |
| 24:51 | Investigar | Scale Barding Armor |
| 25:19 | Construir | Gate |
| 25:48 | Construir | Siege Workshop |
| 25:53 | Investigar | Chain Barding Armor |
| 26:25 | Crear | Mangonel |
| 26:28 | Construir | Siege Workshop |
| 26:34 | Construir | Gate |
| 26:39 | Construir | Gate |
| 27:45 | Construir | Gate |
| 27:46 | Construir | Stone Wall |
| 28:04 | Crear | Villager (Male) ×5 |
| 28:08 | Crear | Villager (Male) ×5 |
| 28:32 | Construir | Farm |
| 28:37 | Construir | Town Center |
| 28:53 | Construir | Gate |
| 29:18 | Construir | Siege Workshop |
| 29:45 | Construir | Castle |
| 30:28 | Crear | Villager (Male) ×5 |
Build order — Underdog
Primeras 150 de 250 acciones detectadas
| 0:01 | Crear | Villager (Male) |
| 0:03 | Construir | House |
| 0:04 | Construir | House |
| 0:10 | Crear | Villager (Male) |
| 0:11 | Crear | Villager (Male) |
| 0:11 | Crear | Villager (Male) |
| 1:24 | Crear | Villager (Male) |
| 1:49 | Construir | House |
| 1:55 | Construir | Lumber Camp |
| 1:58 | Construir | House |
| 2:01 | Crear | Villager (Male) |
| 2:01 | Crear | Villager (Male) |
| 2:24 | Crear | Villager (Male) |
| 2:24 | Crear | Villager (Male) |
| 2:46 | Crear | Villager (Male) |
| 3:09 | Crear | Villager (Male) |
| 3:26 | Crear | Villager (Male) |
| 3:43 | Crear | Villager (Male) |
| 4:47 | Crear | Villager (Male) |
| 4:47 | Crear | Villager (Male) |
| 4:47 | Crear | Villager (Male) |
| 4:57 | Crear | Villager (Male) |
| 5:06 | Crear | Villager (Male) |
| 6:32 | Construir | Mill |
| 6:48 | Construir | Lumber Camp |
| 6:48 | Crear | Villager (Male) |
| 6:49 | Crear | Villager (Male) |
| 6:49 | Crear | Villager (Male) |
| 6:49 | Crear | Villager (Male) |
| 6:49 | Crear | Villager (Male) |
| 6:50 | Crear | Villager (Male) |
| 7:04 | Crear | Villager (Male) |
| 7:04 | Crear | Villager (Male) |
| 7:24 | Investigar | Loom |
| 7:37 | Construir | Farm |
| 8:02 | Construir | Farm |
| 8:34 | Construir | Mining Camp |
| 8:50 | Investigar | Feudal Age |
| 10:16 | Construir | House |
| 10:23 | Crear | Villager (Male) |
| 10:23 | Crear | Villager (Male) |
| 10:23 | Crear | Villager (Male) |
| 11:03 | Construir | Farm |
| 11:07 | Edad | Edad Feudal |
| 11:11 | Construir | Market |
| 11:18 | Construir | Blacksmith |
| 11:23 | Construir | House |
| 11:29 | Construir | Farm |
| 11:33 | Construir | Farm |
| 11:37 | Construir | Farm |
| 11:49 | Construir | Farm |
| 12:12 | Construir | House |
| 12:14 | Crear | Villager (Male) |
| 12:14 | Crear | Villager (Male) |
| 12:17 | Construir | Farm |
| 12:35 | Construir | House |
| 12:58 | Investigar | Castle Age |
| 13:27 | Construir | House |
| 13:33 | Investigar | Double-Bit Axe |
| 13:33 | Investigar | Double-Bit Axe |
| 13:41 | Crear | Villager (Male) |
| 13:41 | Crear | Villager (Male) |
| 14:03 | Construir | House |
| 14:19 | Investigar | Horse Collar |
| 14:44 | Construir | House |
| 15:19 | Construir | House |
| 15:21 | Construir | House |
| 15:48 | Investigar | Wheelbarrow |
| 15:52 | Edad | Edad de los Castillos |
| 15:58 | Construir | Town Center |
| 16:05 | Construir | Town Center |
| 16:12 | Crear | Villager (Male) |
| 16:16 | Construir | Farm |
| 16:37 | Crear | Villager (Male) |
| 17:20 | Investigar | Loom |
| 17:28 | Crear | Villager (Male) |
| 17:28 | Crear | Villager (Male) |
| 17:40 | Crear | Villager (Male) |
| 17:40 | Crear | Villager (Male) |
| 17:40 | Crear | Villager (Male) |
| 17:50 | Crear | Villager (Male) |
| 17:50 | Crear | Villager (Male) |
| 17:50 | Crear | Villager (Male) |
| 17:58 | Construir | Farm |
| 17:59 | Construir | Farm |
| 18:05 | Construir | Farm |
| 18:13 | Crear | Villager (Male) |
| 18:13 | Crear | Villager (Male) |
| 18:13 | Crear | Villager (Male) |
| 18:24 | Construir | Farm |
| 18:40 | Construir | Monastery |
| 18:43 | Crear | Villager (Male) |
| 18:43 | Crear | Villager (Male) |
| 18:43 | Crear | Villager (Male) |
| 18:47 | Construir | Farm |
| 18:53 | Construir | Farm |
| 19:00 | Construir | Farm |
| 19:04 | Construir | Farm |
| 19:06 | Crear | Villager (Male) |
| 19:12 | Construir | Farm |
| 19:14 | Crear | Villager (Male) |
| 19:14 | Crear | Villager (Male) |
| 19:15 | Crear | Villager (Male) |
| 19:20 | Construir | Farm |
| 19:24 | Crear | Villager (Male) |
| 19:25 | Crear | Villager (Male) |
| 19:29 | Construir | House |
| 19:31 | Crear | Monk |
| 19:45 | Crear | Villager (Male) |
| 19:45 | Crear | Villager (Male) |
| 19:46 | Crear | Villager (Male) |
| 19:56 | Construir | Mill |
| 19:56 | Construir | Farm |
| 19:57 | Construir | Farm |
| 19:57 | Construir | Farm |
| 20:00 | Crear | Villager (Male) |
| 20:07 | Construir | Farm |
| 20:07 | Construir | Farm |
| 20:12 | Construir | House |
| 20:27 | Crear | Villager (Male) |
| 20:28 | Crear | Villager (Male) |
| 20:28 | Crear | Villager (Male) |
| 20:32 | Construir | Farm |
| 20:38 | Crear | Villager (Male) |
| 20:38 | Crear | Villager (Male) |
| 20:47 | Construir | University |
| 21:05 | Crear | Villager (Male) |
| 21:05 | Crear | Villager (Male) |
| 21:05 | Crear | Villager (Male) |
| 21:15 | Construir | Farm |
| 21:16 | Construir | Farm |
| 21:16 | Construir | Farm |
| 21:16 | Construir | Farm |
| 21:20 | Crear | Villager (Male) |
| 21:20 | Crear | Villager (Male) |
| 21:32 | Construir | Mill |
| 21:33 | Construir | Farm |
| 21:39 | Construir | Farm |
| 21:42 | Crear | Villager (Male) |
| 21:42 | Crear | Villager (Male) |
| 21:42 | Crear | Villager (Male) |
| 22:00 | Construir | Farm |
| 22:16 | Construir | Mill |
| 22:24 | Construir | Farm |
| 22:24 | Construir | Farm |
| 22:24 | Construir | Farm |
| 22:24 | Construir | Farm |
| 22:34 | Construir | Farm |
| 22:56 | Construir | Barracks |
| 23:04 | Crear | Monk |
Build order — RagnarokCo
Primeras 150 de 220 acciones detectadas
| 0:03 | Construir | House |
| 0:04 | Construir | House |
| 0:10 | Crear | Villager (Male) |
| 0:11 | Crear | Villager (Male) |
| 0:11 | Crear | Villager (Male) |
| 0:11 | Crear | Villager (Male) |
| 1:37 | Crear | Villager (Male) |
| 1:37 | Crear | Villager (Male) |
| 1:54 | Construir | Lumber Camp |
| 2:04 | Crear | Villager (Male) |
| 2:33 | Crear | Villager (Male) |
| 2:33 | Crear | Villager (Male) |
| 2:34 | Crear | Villager (Male) |
| 3:14 | Construir | House |
| 3:23 | Crear | Villager (Male) |
| 3:24 | Crear | Villager (Male) |
| 3:24 | Crear | Villager (Male) |
| 4:14 | Crear | Villager (Male) |
| 4:18 | Crear | Villager (Male) |
| 4:18 | Crear | Villager (Male) |
| 5:04 | Crear | Villager (Male) |
| 5:15 | Construir | Mill |
| 5:56 | Crear | Villager (Male) |
| 6:08 | Crear | Villager (Male) |
| 6:08 | Crear | Villager (Male) |
| 6:12 | Crear | Villager (Male) |
| 6:12 | Crear | Villager (Male) |
| 6:27 | Crear | Villager (Male) |
| 6:36 | Construir | House |
| 6:55 | Crear | Villager (Male) |
| 7:16 | Crear | Villager (Male) |
| 7:35 | Construir | Mining Camp |
| 8:21 | Investigar | Feudal Age |
| 9:14 | Construir | House |
| 9:58 | Construir | Farm |
| 10:04 | Construir | Farm |
| 10:12 | Construir | Farm |
| 10:39 | Crear | Villager (Male) |
| 11:00 | Crear | Villager (Male) |
| 11:13 | Crear | Villager (Male) |
| 11:20 | Edad | Edad Feudal |
| 11:28 | Construir | Blacksmith |
| 11:31 | Construir | Market |
| 11:42 | Construir | Farm |
| 11:59 | Construir | Farm |
| 12:17 | Construir | Farm |
| 12:31 | Investigar | Castle Age |
| 12:32 | Investigar | Castle Age |
| 13:00 | Construir | House |
| 13:41 | Construir | Barracks |
| 13:44 | Crear | Villager (Male) |
| 13:48 | Investigar | Double-Bit Axe |
| 13:58 | Investigar | Horse Collar |
| 14:42 | Investigar | Scale Mail Armor |
| 14:46 | Construir | Barracks |
| 14:48 | Crear | Villager (Male) |
| 14:51 | Construir | Farm |
| 15:15 | Edad | Edad de los Castillos |
| 15:15 | Construir | Farm |
| 15:20 | Construir | Farm |
| 15:26 | Investigar | Gambesons |
| 15:28 | Investigar | Forging |
| 15:30 | Crear | Militia ×2 |
| 15:46 | Construir | Farm |
| 15:53 | Crear | Militia |
| 15:53 | Crear | Militia |
| 15:59 | Construir | Farm |
| 16:09 | Construir | Farm |
| 16:12 | Investigar | Loom |
| 16:16 | Crear | Villager (Male) |
| 16:16 | Crear | Villager (Male) |
| 16:35 | Construir | Farm |
| 16:40 | Crear | Militia |
| 16:51 | Construir | House |
| 16:52 | Construir | House |
| 17:04 | Crear | Militia |
| 17:04 | Crear | Militia |
| 17:11 | Crear | Militia |
| 17:11 | Crear | Militia |
| 17:29 | Crear | Villager (Male) |
| 17:30 | Crear | Villager (Male) |
| 17:30 | Crear | Villager (Male) |
| 17:41 | Crear | Militia |
| 17:46 | Construir | House |
| 17:50 | Crear | Militia |
| 17:50 | Crear | Militia |
| 18:05 | Crear | Villager (Male) |
| 18:08 | Construir | Farm |
| 18:37 | Crear | Militia ×2 |
| 18:38 | Crear | Militia ×2 |
| 18:41 | Construir | Farm |
| 18:45 | Crear | Villager (Male) |
| 18:45 | Crear | Villager (Male) |
| 18:50 | Construir | Farm |
| 18:51 | Crear | Villager (Male) |
| 18:51 | Crear | Villager (Male) |
| 19:49 | Crear | Militia ×4 |
| 19:50 | Crear | Militia ×4 |
| 19:54 | Construir | Farm |
| 19:55 | Crear | Villager (Male) |
| 20:48 | Crear | Militia ×5 |
| 20:49 | Crear | Militia ×5 |
| 21:17 | Crear | Villager (Male) |
| 21:21 | Construir | House |
| 21:37 | Crear | Villager (Male) |
| 21:41 | Crear | Villager (Male) |
| 21:49 | Investigar | Pikeman (upgrade) |
| 21:49 | Investigar | Pikeman (upgrade) |
| 22:02 | Construir | Farm |
| 22:03 | Crear | Villager (Male) |
| 22:07 | Construir | Farm |
| 22:13 | Construir | Town Center |
| 22:17 | Crear | Villager (Male) |
| 22:26 | Construir | Monastery |
| 23:02 | Crear | Militia ×5 |
| 23:03 | Crear | Militia ×5 |
| 23:17 | Crear | Militia |
| 23:17 | Crear | Militia |
| 23:21 | Crear | Villager (Male) |
| 23:21 | Crear | Villager (Male) |
| 23:26 | Construir | Farm |
| 23:27 | Construir | Farm |
| 23:27 | Construir | Farm |
| 23:28 | Construir | Farm |
| 23:28 | Construir | Farm |
| 23:35 | Crear | Villager (Male) |
| 24:04 | Crear | Villager (Male) ×3 |
| 24:13 | Crear | Villager (Male) |
| 24:16 | Construir | Farm |
| 24:16 | Construir | Farm |
| 24:16 | Construir | Farm |
| 24:17 | Construir | Farm |
| 24:17 | Construir | Farm |
| 24:17 | Construir | Farm |
| 24:17 | Construir | Farm |
| 24:25 | Crear | Militia |
| 24:27 | Crear | Militia |
| 24:27 | Crear | Militia |
| 24:28 | Crear | Militia |
| 24:35 | Construir | House |
| 24:36 | Construir | House |
| 24:37 | Construir | House |
| 24:44 | Crear | Militia ×2 |
| 24:48 | Crear | Villager (Male) |
| 25:07 | Crear | Villager (Male) ×2 |
| 25:30 | Crear | Villager (Male) ×3 |
| 25:41 | Investigar | Squires |
| 25:45 | Crear | Villager (Male) |
| 25:54 | Construir | Farm |
| 25:54 | Construir | Farm |
Build order — El Wicho
Primeras 150 de 178 acciones detectadas
| 0:01 | Crear | Villager (Male) |
| 0:03 | Construir | House |
| 0:03 | Crear | Villager (Male) |
| 0:03 | Crear | Villager (Male) |
| 0:05 | Construir | House |
| 0:09 | Crear | Villager (Male) |
| 0:09 | Crear | Villager (Male) |
| 1:24 | Crear | Villager (Male) |
| 1:24 | Crear | Villager (Male) |
| 1:47 | Construir | Lumber Camp |
| 2:02 | Crear | Villager (Male) |
| 2:02 | Crear | Villager (Male) |
| 2:22 | Crear | Villager (Male) |
| 2:22 | Crear | Villager (Male) |
| 2:45 | Crear | Villager (Male) |
| 2:45 | Crear | Villager (Male) |
| 2:46 | Crear | Villager (Male) |
| 3:16 | Crear | Villager (Male) |
| 3:16 | Crear | Villager (Male) |
| 3:16 | Crear | Villager (Male) |
| 3:39 | Construir | House |
| 3:45 | Crear | Villager (Male) |
| 3:45 | Crear | Villager (Male) |
| 3:46 | Crear | Villager (Male) |
| 3:46 | Crear | Villager (Male) |
| 4:22 | Construir | Mill |
| 4:40 | Crear | Villager (Male) |
| 4:40 | Crear | Villager (Male) |
| 4:45 | Crear | Villager (Male) |
| 4:45 | Crear | Villager (Male) |
| 4:52 | Crear | Villager (Male) |
| 4:52 | Crear | Villager (Male) |
| 4:52 | Crear | Villager (Male) |
| 5:14 | Crear | Villager (Male) |
| 5:15 | Crear | Villager (Male) |
| 6:20 | Investigar | Feudal Age |
| 6:20 | Investigar | Feudal Age |
| 6:46 | Construir | Mining Camp |
| 6:55 | Construir | House |
| 7:06 | Crear | Villager (Male) |
| 7:06 | Crear | Villager (Male) |
| 7:07 | Crear | Villager (Male) |
| 7:07 | Crear | Villager (Male) |
| 8:30 | Edad | Edad Feudal |
| 8:36 | Investigar | Loom |
| 8:43 | Construir | Blacksmith |
| 8:59 | Construir | House |
| 9:03 | Construir | Watch Tower |
| 9:08 | Investigar | Double-Bit Axe |
| 9:09 | Investigar | Double-Bit Axe |
| 9:14 | Crear | Villager (Male) |
| 9:14 | Crear | Villager (Male) |
| 10:25 | Crear | Villager (Male) |
| 10:30 | Construir | Blacksmith |
| 10:32 | Construir | House |
| 10:47 | Crear | Villager (Male) |
| 10:47 | Crear | Villager (Male) |
| 11:10 | Construir | Watch Tower |
| 11:21 | Construir | Watch Tower |
| 11:32 | Crear | Villager (Male) |
| 11:33 | Crear | Villager (Male) |
| 12:00 | Crear | Villager (Male) |
| 12:32 | Investigar | Fletching |
| 12:32 | Investigar | Fletching |
| 12:33 | Investigar | Fletching |
| 12:54 | Crear | Villager (Male) |
| 12:54 | Crear | Villager (Male) |
| 13:38 | Construir | Watch Tower |
| 13:58 | Crear | Villager (Male) |
| 13:58 | Crear | Villager (Male) |
| 14:29 | Crear | Villager (Male) |
| 14:58 | Crear | Villager (Male) |
| 15:06 | Investigar | Horse Collar |
| 15:06 | Investigar | Horse Collar |
| 15:24 | Crear | Villager (Male) |
| 15:25 | Crear | Villager (Male) |
| 15:39 | Construir | Farm |
| 15:41 | Construir | Farm |
| 15:43 | Construir | Farm |
| 15:53 | Crear | Villager (Male) |
| 15:53 | Crear | Villager (Male) |
| 15:53 | Crear | Villager (Male) |
| 16:10 | Construir | Farm |
| 16:12 | Construir | Farm |
| 16:24 | Crear | Villager (Male) |
| 16:25 | Crear | Villager (Male) |
| 16:29 | Construir | Mining Camp |
| 16:41 | Crear | Villager (Male) |
| 16:41 | Crear | Villager (Male) |
| 16:43 | Construir | House |
| 16:59 | Construir | Watch Tower |
| 17:03 | Crear | Villager (Male) |
| 17:03 | Crear | Villager (Male) |
| 17:14 | Crear | Villager (Male) |
| 17:14 | Crear | Villager (Male) |
| 17:22 | Crear | Villager (Male) |
| 17:22 | Crear | Villager (Male) |
| 17:47 | Crear | Villager (Male) |
| 17:48 | Crear | Villager (Male) |
| 17:48 | Crear | Villager (Male) |
| 18:10 | Crear | Villager (Male) |
| 18:16 | Crear | Villager (Male) |
| 18:16 | Crear | Villager (Male) |
| 19:10 | Crear | Villager (Male) |
| 19:13 | Construir | Farm |
| 19:13 | Construir | Farm |
| 19:13 | Construir | Farm |
| 19:14 | Construir | Farm |
| 19:14 | Construir | Farm |
| 19:14 | Construir | Farm |
| 19:19 | Crear | Villager (Male) |
| 19:41 | Construir | Watch Tower |
| 19:49 | Crear | Villager (Male) |
| 20:14 | Crear | Villager (Male) |
| 20:59 | Investigar | Wheelbarrow |
| 21:33 | Crear | Villager (Male) |
| 21:37 | Construir | House |
| 21:38 | Construir | House |
| 22:26 | Crear | Villager (Male) |
| 22:37 | Crear | Villager (Male) |
| 22:39 | Construir | Market |
| 22:41 | Construir | Farm |
| 22:41 | Construir | Farm |
| 22:45 | Construir | Farm |
| 23:11 | Crear | Villager (Male) |
| 23:31 | Investigar | Castle Age |
| 23:31 | Investigar | Castle Age |
| 23:31 | Investigar | Castle Age |
| 24:17 | Construir | House |
| 24:35 | Construir | Farm |
| 24:37 | Construir | Farm |
| 24:43 | Construir | Lumber Camp |
| 25:35 | Construir | House |
| 25:36 | Construir | House |
| 25:58 | Investigar | Stone Mining |
| 25:58 | Investigar | Gold Mining |
| 26:11 | Edad | Edad de los Castillos |
| 26:14 | Investigar | Bodkin Arrow |
| 26:15 | Investigar | Bodkin Arrow |
| 26:19 | Construir | University |
| 26:22 | Crear | Villager (Male) |
| 26:54 | Crear | Villager (Male) |
| 27:06 | Investigar | Guard Tower (upgrade) |
| 27:11 | Crear | Villager (Male) |
| 27:37 | Construir | Watch Tower |
| 27:45 | Crear | Villager (Male) |
| 27:56 | Investigar | Ballistics |
| 27:57 | Crear | Villager (Male) |
| 28:16 | Crear | Villager (Male) |
| 28:23 | Crear | Villager (Male) |
Build order — R
143 acciones detectadas en el replay
| 0:02 | Crear | Villager (Male) |
| 0:02 | Crear | Villager (Male) |
| 0:03 | Construir | House |
| 0:04 | Construir | House |
| 0:14 | Crear | Villager (Male) |
| 0:14 | Crear | Villager (Male) |
| 1:27 | Crear | Villager (Male) |
| 2:13 | Crear | Villager (Male) |
| 2:13 | Crear | Villager (Male) |
| 2:27 | Construir | Lumber Camp |
| 2:33 | Crear | Villager (Male) |
| 3:04 | Crear | Villager (Male) |
| 3:27 | Crear | Villager (Male) |
| 3:38 | Construir | House |
| 3:39 | Construir | House |
| 3:40 | Construir | House |
| 3:48 | Crear | Villager (Male) |
| 4:21 | Crear | Villager (Male) |
| 4:53 | Crear | Villager (Male) |
| 4:53 | Crear | Villager (Male) |
| 5:01 | Construir | Mill |
| 5:43 | Crear | Villager (Male) |
| 6:05 | Crear | Villager (Male) |
| 6:29 | Crear | Villager (Male) |
| 7:02 | Crear | Villager (Male) |
| 7:06 | Construir | Mining Camp |
| 7:32 | Crear | Villager (Male) |
| 7:43 | Crear | Villager (Male) |
| 8:19 | Investigar | Feudal Age |
| 10:00 | Crear | Villager (Male) |
| 10:00 | Crear | Villager (Male) |
| 10:38 | Edad | Edad Feudal |
| 10:42 | Construir | Blacksmith |
| 10:47 | Construir | Market |
| 10:59 | Construir | Barracks |
| 11:01 | Construir | House |
| 12:02 | Investigar | Castle Age |
| 12:21 | Construir | Archery Range |
| 12:41 | Crear | Spearman |
| 12:58 | Construir | House |
| 13:31 | Crear | Archer |
| 13:45 | Crear | Archer |
| 13:46 | Crear | Villager (Male) |
| 14:08 | Crear | Villager (Male) |
| 14:38 | Investigar | Double-Bit Axe |
| 14:42 | Investigar | Horse Collar |
| 14:42 | Edad | Edad de los Castillos |
| 14:55 | Construir | Farm |
| 14:56 | Construir | Farm |
| 14:57 | Construir | Farm |
| 14:59 | Construir | Farm |
| 14:59 | Construir | Farm |
| 15:01 | Construir | Farm |
| 15:13 | Crear | Archer |
| 15:17 | Crear | Villager (Male) |
| 15:50 | Investigar | Loom |
| 16:08 | Construir | Monastery |
| 16:20 | Investigar | Fletching |
| 16:21 | Crear | Archer |
| 16:42 | Crear | Villager (Male) |
| 17:14 | Crear | Villager (Male) |
| 17:17 | Crear | Archer |
| 17:31 | Crear | Villager (Male) |
| 17:38 | Construir | Siege Workshop |
| 17:38 | Crear | Monk |
| 17:43 | Crear | Archer |
| 18:04 | Crear | Archer |
| 18:09 | Crear | Villager (Male) |
| 18:14 | Construir | Siege Workshop |
| 18:19 | Crear | Monk |
| 18:22 | Construir | House |
| 18:32 | Crear | Villager (Male) |
| 18:45 | Crear | Villager (Male) |
| 18:51 | Crear | Battering Ram |
| 18:56 | Construir | House |
| 19:16 | Investigar | Redemption |
| 19:42 | Crear | Monk |
| 19:52 | Crear | Villager (Male) |
| 19:55 | Construir | Mining Camp |
| 19:57 | Crear | Villager (Male) |
| 20:26 | Construir | Monastery |
| 20:30 | Crear | Villager (Male) |
| 20:41 | Construir | Gate |
| 20:45 | Crear | Villager (Male) |
| 20:45 | Crear | Villager (Male) |
| 20:57 | Crear | Monk |
| 21:09 | Crear | Villager (Male) |
| 21:18 | Crear | Monk |
| 21:19 | Crear | Monk |
| 21:26 | Crear | Battering Ram |
| 22:02 | Construir | Siege Workshop |
| 22:26 | Crear | Villager (Male) |
| 22:47 | Crear | Monk |
| 24:07 | Construir | Siege Workshop |
| 24:10 | Crear | Villager (Male) |
| 24:21 | Crear | Villager (Male) |
| 24:29 | Construir | Lumber Camp |
| 24:33 | Crear | Mangonel |
| 24:49 | Crear | Villager (Male) |
| 25:01 | Crear | Villager (Male) |
| 25:42 | Construir | House |
| 27:44 | Construir | Town Center |
| 28:03 | Investigar | Double-Bit Axe |
| 29:02 | Construir | House |
| 29:04 | Construir | House |
| 29:05 | Construir | House |
| 29:11 | Crear | Villager (Male) |
| 29:14 | Crear | Villager (Male) |
| 29:27 | Crear | Villager (Male) |
| 29:28 | Crear | Villager (Male) |
| 29:52 | Construir | House |
| 29:55 | Construir | House |
| 30:17 | Construir | Farm |
| 30:19 | Construir | Farm |
| 30:20 | Construir | Farm |
| 30:23 | Construir | Farm |
| 30:30 | Crear | Villager (Male) |
| 30:34 | Construir | House |
| 30:48 | Construir | Mill |
| 30:56 | Construir | House |
| 30:59 | Crear | Villager (Male) |
| 31:00 | Construir | Farm |
| 31:23 | Crear | Villager (Male) |
| 31:28 | Construir | Farm |
| 31:38 | Construir | House |
| 31:39 | Construir | House |
| 31:43 | Crear | Villager (Male) |
| 31:53 | Construir | Town Center |
| 32:00 | Construir | House |
| 32:01 | Construir | House |
| 32:02 | Construir | House |
| 32:03 | Construir | House |
| 32:04 | Construir | House |
| 32:14 | Construir | Farm |
| 32:15 | Crear | Villager (Male) |
| 32:18 | Crear | Villager (Male) |
| 32:32 | Crear | Villager (Male) |
| 32:35 | Crear | Villager (Male) |
| 33:05 | Crear | Villager (Male) |
| 33:06 | Crear | Villager (Male) |
| 33:08 | Construir | Farm |
| 33:09 | Construir | Farm |
| 33:10 | Investigar | Heavy Plow |
Build order — Dadagama
Primeras 150 de 154 acciones detectadas
| 0:01 | Crear | Villager (Male) |
| 0:02 | Construir | House |
| 0:03 | Crear | Villager (Male) |
| 0:03 | Crear | Villager (Male) |
| 0:04 | Construir | House |
| 0:25 | Crear | Villager (Male) |
| 0:25 | Crear | Villager (Male) |
| 0:26 | Crear | Villager (Male) |
| 1:31 | Crear | Villager (Male) |
| 1:31 | Crear | Villager (Male) |
| 1:50 | Crear | Villager (Male) |
| 2:09 | Construir | Lumber Camp |
| 2:13 | Crear | Villager (Male) |
| 2:13 | Crear | Villager (Male) |
| 2:13 | Crear | Villager (Male) |
| 2:39 | Crear | Villager (Male) |
| 2:40 | Crear | Villager (Male) |
| 2:40 | Crear | Villager (Male) |
| 2:59 | Crear | Villager (Male) |
| 3:00 | Crear | Villager (Male) |
| 3:00 | Crear | Villager (Male) |
| 3:12 | Crear | Villager (Male) |
| 3:57 | Crear | Villager (Male) |
| 3:58 | Crear | Villager (Male) |
| 4:25 | Crear | Villager (Male) |
| 4:25 | Crear | Villager (Male) |
| 4:26 | Crear | Villager (Male) |
| 4:26 | Crear | Villager (Male) |
| 4:31 | Construir | House |
| 4:35 | Investigar | Loom |
| 4:36 | Investigar | Loom |
| 4:37 | Crear | Villager (Male) ×2 |
| 4:54 | Crear | Villager (Male) |
| 5:08 | Crear | Villager (Male) |
| 5:08 | Crear | Villager (Male) |
| 5:36 | Construir | Mill |
| 6:17 | Crear | Villager (Male) |
| 6:23 | Construir | House |
| 6:25 | Construir | House |
| 6:53 | Crear | Villager (Male) |
| 6:53 | Crear | Villager (Male) |
| 7:29 | Crear | Villager (Male) |
| 7:40 | Construir | Mining Camp |
| 8:07 | Investigar | Feudal Age |
| 8:26 | Construir | Mining Camp |
| 9:46 | Crear | Villager (Male) |
| 9:46 | Crear | Villager (Male) |
| 10:31 | Edad | Edad Feudal |
| 10:34 | Construir | Market |
| 10:38 | Construir | Blacksmith |
| 10:50 | Crear | Villager (Male) |
| 11:11 | Construir | Farm |
| 11:39 | Construir | Farm |
| 11:46 | Crear | Villager (Male) |
| 11:54 | Construir | House |
| 12:03 | Construir | House |
| 12:05 | Crear | Villager (Male) |
| 12:23 | Construir | Farm |
| 12:31 | Investigar | Castle Age |
| 13:44 | Crear | Villager (Male) |
| 13:44 | Crear | Villager (Male) |
| 13:49 | Construir | Farm |
| 14:19 | Crear | Villager (Male) |
| 14:26 | Construir | Farm |
| 14:28 | Construir | Farm |
| 14:31 | Construir | Farm |
| 14:35 | Construir | Farm |
| 14:45 | Construir | Farm |
| 14:50 | Construir | Farm |
| 15:16 | Edad | Edad de los Castillos |
| 15:24 | Construir | House |
| 15:25 | Construir | House |
| 15:56 | Construir | Castle |
| 16:01 | Construir | Palisade Gate |
| 16:23 | Construir | Palisade Gate |
| 16:36 | Construir | Palisade Gate |
| 16:38 | Construir | Palisade Wall |
| 17:05 | Crear | Villager (Male) |
| 17:06 | Crear | Villager (Male) |
| 17:13 | Construir | Palisade Wall |
| 17:29 | Crear | Villager (Male) |
| 17:29 | Crear | Villager (Male) |
| 17:36 | Construir | Farm |
| 18:20 | Crear | Villager (Male) |
| 18:42 | Crear | Villager (Male) |
| 18:42 | Crear | Villager (Male) |
| 18:43 | Crear | Villager (Male) |
| 20:01 | Crear | Conquistador ×5 |
| 20:09 | Construir | House |
| 20:12 | Crear | Villager (Male) |
| 20:13 | Crear | Villager (Male) |
| 20:26 | Construir | Outpost |
| 20:37 | Crear | Petard |
| 20:37 | Crear | Petard |
| 20:53 | Construir | Siege Workshop |
| 21:12 | Crear | Battering Ram |
| 21:18 | Construir | Mining Camp |
| 21:19 | Crear | Villager (Male) ×4 |
| 21:58 | Crear | Conquistador |
| 21:58 | Crear | Conquistador |
| 21:58 | Crear | Conquistador |
| 23:00 | Crear | Conquistador |
| 23:00 | Crear | Conquistador |
| 23:00 | Crear | Conquistador |
| 23:00 | Crear | Conquistador |
| 23:44 | Crear | Conquistador |
| 23:44 | Crear | Conquistador |
| 24:24 | Crear | Battering Ram |
| 24:28 | Crear | Conquistador |
| 24:28 | Crear | Conquistador |
| 25:00 | Crear | Petard |
| 25:00 | Crear | Petard |
| 25:09 | Crear | Petard |
| 25:11 | Crear | Villager (Male) |
| 25:14 | Construir | Farm |
| 25:14 | Construir | Farm |
| 25:15 | Construir | Farm |
| 25:43 | Crear | Conquistador |
| 25:43 | Crear | Conquistador |
| 25:43 | Crear | Conquistador |
| 26:06 | Crear | Villager (Male) ×2 |
| 26:46 | Crear | Conquistador |
| 26:46 | Crear | Conquistador |
| 26:46 | Crear | Conquistador |
| 27:28 | Crear | Villager (Male) ×4 |
| 27:30 | Construir | Farm |
| 27:30 | Construir | Farm |
| 27:30 | Construir | Farm |
| 27:30 | Construir | Farm |
| 27:31 | Construir | Farm |
| 27:31 | Construir | Farm |
| 27:34 | Crear | Villager (Male) |
| 27:34 | Crear | Villager (Male) |
| 28:12 | Investigar | Padded Archer Armor |
| 28:17 | Construir | Farm |
| 28:17 | Construir | Farm |
| 28:20 | Crear | Villager (Male) ×2 |
| 28:29 | Investigar | Double-Bit Axe |
| 28:35 | Construir | Farm |
| 28:36 | Construir | Farm |
| 28:36 | Construir | Farm |
| 28:36 | Construir | Farm |
| 28:44 | Crear | Conquistador ×3 |
| 29:52 | Crear | Villager (Male) ×5 |
| 31:18 | Crear | Conquistador ×5 |
| 31:29 | Construir | Farm |
| 31:30 | Crear | Villager (Male) ×4 |
| 31:41 | Construir | Barracks |
| 31:53 | Crear | Conquistador |
| 31:53 | Crear | Conquistador |
Build order — Salkeliet
146 acciones detectadas en el replay
| 0:02 | Crear | Villager (Male) |
| 0:02 | Crear | Villager (Male) |
| 0:04 | Construir | House |
| 0:06 | Construir | House |
| 0:23 | Crear | Villager (Male) |
| 0:23 | Crear | Villager (Male) |
| 1:35 | Crear | Villager (Male) |
| 1:35 | Crear | Villager (Male) |
| 1:52 | Construir | Lumber Camp |
| 1:58 | Crear | Villager (Male) |
| 1:58 | Crear | Villager (Male) |
| 2:08 | Crear | Villager (Male) |
| 2:09 | Crear | Villager (Male) |
| 2:33 | Crear | Villager (Male) |
| 2:33 | Crear | Villager (Male) |
| 3:00 | Construir | House |
| 3:06 | Crear | Villager (Male) |
| 3:06 | Crear | Villager (Male) |
| 3:50 | Crear | Villager (Male) |
| 3:50 | Crear | Villager (Male) |
| 3:57 | Construir | House |
| 3:58 | Construir | House |
| 4:26 | Crear | Villager (Male) |
| 4:26 | Crear | Villager (Male) |
| 4:48 | Construir | Mill |
| 4:54 | Crear | Villager (Male) |
| 4:54 | Crear | Villager (Male) |
| 5:47 | Crear | Villager (Male) |
| 5:48 | Crear | Villager (Male) |
| 5:48 | Crear | Villager (Male) |
| 6:25 | Crear | Villager (Male) |
| 7:04 | Crear | Villager (Male) |
| 7:37 | Investigar | Loom |
| 7:48 | Construir | Mining Camp |
| 8:00 | Investigar | Feudal Age |
| 8:44 | Construir | House |
| 8:58 | Construir | House |
| 9:59 | Construir | House |
| 10:12 | Edad | Edad Feudal |
| 10:22 | Construir | Watch Tower |
| 10:26 | Crear | Villager (Male) |
| 10:27 | Crear | Villager (Male) |
| 10:31 | Investigar | Double-Bit Axe |
| 10:34 | Investigar | Horse Collar |
| 10:49 | Construir | Palisade Wall |
| 11:04 | Construir | Blacksmith |
| 11:48 | Crear | Villager (Male) |
| 11:48 | Crear | Villager (Male) |
| 11:48 | Crear | Villager (Male) |
| 12:04 | Investigar | Fletching |
| 12:14 | Crear | Villager (Male) |
| 12:42 | Crear | Villager (Male) |
| 12:43 | Crear | Villager (Male) |
| 13:03 | Construir | Watch Tower |
| 13:24 | Crear | Villager (Male) |
| 13:41 | Construir | Mining Camp |
| 13:46 | Construir | Watch Tower |
| 13:58 | Crear | Villager (Male) |
| 14:33 | Crear | Villager (Male) |
| 14:34 | Crear | Villager (Male) |
| 15:15 | Construir | Farm |
| 15:16 | Crear | Villager (Male) |
| 15:18 | Construir | Farm |
| 15:20 | Construir | Farm |
| 15:33 | Crear | Villager (Male) |
| 15:37 | Construir | Farm |
| 15:49 | Construir | Farm |
| 15:53 | Construir | Farm |
| 15:55 | Crear | Villager (Male) |
| 16:09 | Crear | Villager (Male) |
| 17:13 | Crear | Villager (Male) |
| 17:13 | Crear | Villager (Male) |
| 17:32 | Crear | Villager (Male) |
| 18:09 | Construir | Watch Tower |
| 18:12 | Crear | Villager (Male) |
| 18:19 | Construir | Farm |
| 18:21 | Construir | Farm |
| 18:22 | Construir | Farm |
| 18:23 | Construir | Farm |
| 18:24 | Construir | Farm |
| 18:26 | Crear | Villager (Male) |
| 18:55 | Crear | Villager (Male) |
| 18:57 | Construir | Farm |
| 18:58 | Construir | Farm |
| 18:59 | Construir | Farm |
| 19:27 | Construir | Market |
| 19:44 | Crear | Villager (Male) |
| 19:55 | Construir | Farm |
| 19:58 | Crear | Villager (Male) |
| 20:02 | Construir | Farm |
| 20:03 | Construir | Farm |
| 20:44 | Crear | Villager (Male) |
| 20:44 | Crear | Villager (Male) |
| 20:44 | Crear | Villager (Male) |
| 20:48 | Construir | Mining Camp |
| 21:02 | Construir | Watch Tower |
| 21:18 | Construir | Farm |
| 21:22 | Construir | Farm |
| 21:24 | Crear | Villager (Male) |
| 21:29 | Investigar | Wheelbarrow |
| 21:29 | Investigar | Wheelbarrow |
| 22:09 | Crear | Villager (Male) |
| 22:36 | Crear | Villager (Male) |
| 22:46 | Construir | Market |
| 22:52 | Crear | Villager (Male) |
| 23:25 | Crear | Villager (Male) |
| 24:13 | Investigar | Castle Age |
| 24:13 | Investigar | Castle Age |
| 24:46 | Construir | Barracks |
| 24:54 | Construir | Barracks |
| 25:46 | Construir | Archery Range |
| 25:52 | Investigar | Padded Archer Armor |
| 25:57 | Crear | Villager (Male) |
| 26:27 | Crear | Skirmisher |
| 26:27 | Crear | Skirmisher |
| 26:28 | Crear | Skirmisher |
| 26:28 | Crear | Skirmisher |
| 26:43 | Investigar | Gold Mining |
| 26:58 | Edad | Edad de los Castillos |
| 27:06 | Construir | Siege Workshop |
| 27:17 | Crear | Skirmisher |
| 27:20 | Investigar | Bow Saw |
| 27:22 | Crear | Villager (Male) |
| 27:29 | Construir | Archery Range |
| 28:13 | Crear | Battering Ram |
| 28:30 | Construir | Mining Camp |
| 28:58 | Crear | Villager (Male) |
| 28:58 | Crear | Villager (Male) |
| 29:03 | Construir | Lumber Camp |
| 29:30 | Construir | Castle |
| 29:50 | Crear | Villager (Male) |
| 30:16 | Crear | Villager (Male) |
| 30:17 | Crear | Villager (Male) |
| 30:36 | Crear | Villager (Male) |
| 30:37 | Crear | Villager (Male) |
| 30:57 | Construir | Mining Camp |
| 31:05 | Construir | Farm |
| 31:05 | Construir | Farm |
| 31:45 | Crear | Boyar |
| 31:50 | Crear | Villager (Male) |
| 31:59 | Investigar | Imperial Age |
| 32:18 | Crear | Mangonel |
| 32:27 | Construir | Market |
| 32:31 | Crear | Villager (Male) |
| 32:31 | Crear | Villager (Male) |
| 32:36 | Crear | Boyar |
Build order — Codiman
Primeras 150 de 255 acciones detectadas
| 0:03 | Crear | Villager (Male) |
| 0:04 | Crear | Villager (Male) |
| 0:04 | Crear | Villager (Male) |
| 0:04 | Crear | Villager (Male) |
| 0:06 | Construir | House |
| 0:08 | Construir | House |
| 1:33 | Crear | Villager (Male) |
| 1:33 | Crear | Villager (Male) |
| 1:53 | Crear | Villager (Male) |
| 2:26 | Crear | Villager (Male) |
| 2:26 | Crear | Villager (Male) |
| 2:27 | Crear | Villager (Male) |
| 2:27 | Crear | Villager (Male) |
| 2:53 | Crear | Villager (Male) |
| 2:53 | Crear | Villager (Male) |
| 3:04 | Construir | House |
| 3:05 | Construir | House |
| 3:24 | Crear | Villager (Male) |
| 3:24 | Crear | Villager (Male) |
| 3:24 | Crear | Villager (Male) |
| 3:48 | Crear | Villager (Male) |
| 3:54 | Crear | Villager (Male) |
| 3:55 | Crear | Villager (Male) |
| 4:18 | Construir | Lumber Camp |
| 4:42 | Crear | Villager (Male) |
| 4:42 | Crear | Villager (Male) |
| 5:18 | Crear | Villager (Male) |
| 5:18 | Crear | Villager (Male) |
| 5:25 | Crear | Villager (Male) |
| 5:41 | Crear | Villager (Male) |
| 5:41 | Crear | Villager (Male) |
| 6:08 | Crear | Villager (Male) |
| 6:08 | Crear | Villager (Male) |
| 6:08 | Crear | Villager (Male) |
| 6:32 | Construir | Lumber Camp |
| 6:43 | Construir | Mill |
| 7:43 | Construir | Mining Camp |
| 8:16 | Construir | House |
| 8:18 | Construir | House |
| 8:25 | Investigar | Feudal Age |
| 9:13 | Crear | Villager (Male) |
| 9:13 | Crear | Villager (Male) |
| 9:29 | Construir | Farm |
| 9:30 | Construir | Farm |
| 9:32 | Construir | Farm |
| 9:41 | Construir | Farm |
| 10:30 | Crear | Villager (Male) |
| 10:57 | Construir | Farm |
| 10:59 | Edad | Edad Feudal |
| 11:39 | Construir | Blacksmith |
| 11:40 | Crear | Villager (Male) |
| 12:19 | Investigar | Loom |
| 12:43 | Construir | Market |
| 13:35 | Investigar | Castle Age |
| 14:08 | Construir | Siege Workshop |
| 14:17 | Crear | Villager (Male) |
| 14:31 | Crear | Villager (Male) |
| 14:43 | Investigar | Gold Mining |
| 14:57 | Construir | Lumber Camp |
| 14:59 | Crear | Villager (Male) |
| 15:49 | Crear | Villager (Male) |
| 15:59 | Crear | Villager (Male) |
| 16:06 | Crear | Villager (Male) |
| 16:15 | Edad | Edad de los Castillos |
| 16:33 | Crear | Villager (Male) |
| 16:47 | Construir | Siege Workshop |
| 17:04 | Crear | Battering Ram |
| 17:04 | Crear | Battering Ram |
| 17:11 | Crear | Battering Ram |
| 17:21 | Construir | House |
| 17:22 | Construir | House |
| 17:34 | Investigar | Capped Ram (upgrade) |
| 17:36 | Crear | Villager (Male) |
| 17:39 | Crear | Battering Ram |
| 17:52 | Crear | Villager (Male) |
| 18:37 | Investigar | Double-Bit Axe |
| 18:38 | Crear | Villager (Male) |
| 18:46 | Construir | Farm |
| 18:46 | Construir | Farm |
| 18:46 | Construir | Farm |
| 18:46 | Construir | Farm |
| 18:47 | Construir | Farm |
| 18:48 | Construir | Farm |
| 18:48 | Construir | Farm |
| 18:48 | Construir | Farm |
| 18:54 | Crear | Villager (Male) |
| 18:54 | Crear | Villager (Male) |
| 19:06 | Construir | Mining Camp |
| 19:37 | Crear | Villager (Male) |
| 19:42 | Crear | Battering Ram |
| 19:43 | Crear | Battering Ram |
| 19:43 | Crear | Battering Ram |
| 20:05 | Crear | Villager (Male) |
| 20:05 | Crear | Villager (Male) |
| 20:12 | Crear | Battering Ram |
| 20:13 | Crear | Battering Ram |
| 20:13 | Crear | Battering Ram |
| 20:30 | Crear | Villager (Male) |
| 20:30 | Crear | Villager (Male) |
| 20:46 | Construir | House |
| 20:47 | Construir | House |
| 21:10 | Construir | Barracks |
| 21:10 | Construir | Barracks |
| 21:11 | Construir | Barracks |
| 21:11 | Construir | Barracks |
| 21:13 | Crear | Villager (Male) |
| 21:18 | Construir | Farm |
| 21:18 | Construir | Farm |
| 21:18 | Construir | Farm |
| 21:18 | Construir | Farm |
| 21:19 | Construir | Farm |
| 21:19 | Construir | Farm |
| 21:47 | Construir | Barracks |
| 21:59 | Investigar | Pikeman (upgrade) |
| 22:23 | Crear | Spearman |
| 22:24 | Crear | Spearman |
| 22:24 | Crear | Spearman |
| 22:25 | Crear | Spearman |
| 22:25 | Crear | Spearman |
| 22:41 | Construir | Barracks |
| 22:42 | Crear | Spearman |
| 22:43 | Crear | Spearman |
| 22:43 | Crear | Spearman |
| 22:43 | Crear | Spearman |
| 22:46 | Crear | Villager (Male) |
| 22:47 | Crear | Villager (Male) |
| 22:58 | Crear | Spearman |
| 22:58 | Crear | Spearman |
| 22:58 | Crear | Spearman |
| 22:58 | Crear | Spearman |
| 22:59 | Crear | Spearman |
| 23:02 | Crear | Villager (Male) |
| 23:02 | Crear | Villager (Male) |
| 23:12 | Crear | Spearman |
| 23:13 | Crear | Spearman |
| 23:16 | Construir | Farm |
| 23:21 | Crear | Spearman |
| 23:21 | Crear | Spearman |
| 23:22 | Crear | Spearman |
| 23:37 | Crear | Spearman |
| 23:37 | Crear | Spearman |
| 23:38 | Crear | Spearman |
| 23:38 | Crear | Spearman |
| 23:46 | Construir | House |
| 23:47 | Construir | House |
| 23:48 | Construir | House |
| 24:04 | Investigar | Scale Mail Armor |
| 24:19 | Crear | Spearman |
| 24:19 | Crear | Spearman |
| 24:20 | Crear | Spearman |
Cronología de la partida
| 8:30 | El Wicho · age_up feudal |
| 10:12 | Salkeliet · age_up feudal |
| 10:31 | Dadagama · age_up feudal |
| 10:38 | R · age_up feudal |
| 10:49 | Salkeliet · wall_segment Palisade Wall x6 |
| 10:59 | Codiman · age_up feudal |
| 10:59 | R · first_building Barracks |
| 11:07 | Underdog · age_up feudal |
| 11:20 | RagnarokCo · age_up feudal |
| 11:44 | R · first_market_buy 100 food |
| 12:06 | SaD · first_building Barracks |
| 12:21 | R · first_building Archery Range |
| 12:40 | SaD · age_up feudal |
| 12:47 | Underdog · first_market_sell 100 wood |
| 12:49 | Underdog · first_market_buy 100 food |
| 12:51 | SaD · first_building Stable |
| 13:41 | RagnarokCo · first_building Barracks |
| 14:08 | Codiman · first_building Siege Workshop |
| 14:42 | R · age_up castle |
| 15:15 | RagnarokCo · age_up castle |
| 15:16 | Dadagama · age_up castle |
| 15:52 | Underdog · age_up castle |
| 15:56 | Dadagama · first_building Castle |
| 16:08 | R · first_building Monastery |
| 16:15 | Codiman · age_up castle |
| 16:17 | SaD · age_up castle |
| 16:38 | Dadagama · wall_segment Palisade Wall x1 |
| 17:13 | Dadagama · wall_segment Palisade Wall x1 |
| 17:29 | RagnarokCo · first_market_buy 100 food |
| 17:38 | R · first_building Siege Workshop |
| 18:27 | Codiman · first_market_buy 100 food |
| 18:40 | Underdog · first_building Monastery |
| 20:53 | Dadagama · first_building Siege Workshop |
| 21:10 | Codiman · first_building Barracks |
| 22:26 | RagnarokCo · first_building Monastery |
| 22:56 | Underdog · first_building Barracks |
| 23:16 | El Wicho · first_market_sell 100 wood |
| 23:18 | El Wicho · first_market_buy 100 food |
| 23:52 | Underdog · first_building Archery Range |
| 24:10 | Salkeliet · first_market_sell 100 food |
| 24:37 | SaD · first_building Siege Workshop |
| 24:46 | Salkeliet · first_building Barracks |
| 25:17 | Underdog · first_building Siege Workshop |
| 25:46 | Salkeliet · first_building Archery Range |
| 26:11 | El Wicho · age_up castle |
| 26:58 | Salkeliet · age_up castle |
| 27:06 | Salkeliet · first_building Siege Workshop |
| 27:37 | Underdog · age_up imperial |
| 27:43 | SaD · first_market_buy 100 stone |
| 27:46 | SaD · wall_segment Stone Wall x1 |
| 28:25 | Dadagama · first_market_buy 100 food |
| 29:04 | El Wicho · first_building Siege Workshop |
| 29:13 | Salkeliet · first_market_buy 100 stone |
| 29:30 | Salkeliet · first_building Castle |
| 29:41 | SaD · first_market_sell 100 food |
| 29:45 | SaD · first_building Castle |
| 31:41 | Dadagama · first_building Barracks |
| 33:00 | SaD · resign |
[ ANÁLISIS IA · 1 CRÉDITO ]
¿Qué pasó realmente en esta partida?
Wolo.gg analiza cada decisión: build order, eco, micro, errores típicos por bracket. Análisis personalizado por WhatsApp o Discord en 30 segundos.
Guía civ
Teutones
Perfil
Jugador #918486